cohdb
Replays
Latest Replays
All Replays
Popular Replays
Top Player Replays
Match Explorer
How It Works
Community
CoH3 Stats
Reddit
Sign in to upload your games and track your stats! →
Sign in with Steam
Match 43741069
Unlisted
Match 43741069
Overview
Messages
Build Orders
End
Construct Infanterie Kompanie
Grenadier Squad
Selects Breakthrough Battlegroup
Selects Assault Grenadiers
MG 42 Machine Gun Team
GrW 34 Mortar Team
Grenadier Squad
Infanterie Officer Quarters
Medical Station
Grenadier Squad
Construct Panzergrenadier Kompanie
Panzergrenadier Officer Quarters
Medical Bunker
Selects Breakthrough
Panzergrenadier Squad
Breakthrough
Selects Incendiary Bombing Run
Breakthrough
Construct Panzer Kompanie
MG 42 Bunker
Stoßtruppen Squad
Stoßtruppen Squad
Panzer Officer Quarters
FALLEN
Papa Shango
Husar
[EOG]army3945
shapur NANG
SmoSkeY
0
0
Comments
sign in to comment!
No comments posted yet!